 Dungeon Crawl Stone Soup version 0.28.0-43-g3370ac3207 (webtiles) character file.

Game seed: 9144933022071402607

728 vvl the Stinger (level 7, -1/51 HPs)
             Began as a Demonspawn Venom Mage on Mar 23, 2022.
             Was an Initiate of Makhleb.
             Slain by TheDeanity's ghost (12 damage)
             ... on level 5 of the Dungeon.
             The game lasted 00:12:58 (7910 turns).

vvl the Stinger (Demonspawn Venom Mage)             Turns: 7910, Time: 00:12:59

Health: -1/51      AC:  5    Str:  9    XL:     7   Next: 44%
Magic:  11/11      EV: 11    Int: 18    God:    Makhleb [......]
Gold:   246        SH:  0    Dex: 13    Spells: 3/12 levels left

rFire   . . .      SeeInvis .   t - +0 whip (elec)
rCold   . . .      Faith    .   (no shield)
rNeg    . . .      Spirit   .   d - +0 leather armour
rPois   +          Reflect  .   (no helmet)
rElec   .          Harm     .   (no cloak)
rCorr   .          Rampage  .   (no gloves)
Will    .....                   (no boots)
Stlth   ++........              (no amulet)
HPRegen 0.17/turn               g - ring of wizardry
MPRegen 0.12/turn               m - ring of poison resistance

@: no status effects
A: slimy green scales 1, powered by death 1, spiny 1
a: Renounce Religion


You were on level 5 of the Dungeon.
You worshipped Makhleb.
Makhleb was noncommittal.
You visited 2 branches of the dungeon, and saw 6 of its levels.

You collected 246 gold pieces.

Inventory:

Hand Weapons
 f - a +0 short sword
 q - a +0 war axe
 t - a +0 whip of electrocution (weapon)
Missiles
 r - a throwing net
Armour
 d - a +0 leather armour (worn)
Magical Staves
 h - a staff of earth
Jewellery
 g - a ring of wizardry (left hand)
 i - a ring of fire
 m - a ring of poison resistance (right hand)
Wands
 p - a wand of mindburst (24)
Scrolls
 a - a scroll of immolation {unknown}
 b - 3 scrolls of noise {unknown}
 c - 3 scrolls of teleportation {unknown}
 j - a scroll of torment {unknown}
 k - a scroll of silence {unknown}
 l - a scroll of amnesia {unknown}
 n - a scroll of enchant weapon {unknown}
 s - 2 scrolls of identify {unknown}
Potions
 e - a potion of resistance
 o - a potion of haste


   Skills:
 + Level 2.5 Fighting
 + Level 2.3 Armour
 - Level 2.0 Dodging
 - Level 2.0 Stealth
 + Level 3.3 Spellcasting
 + Level 2.8 Necromancy
 - Level 2.0 Transmutations
 + Level 2.2 Earth Magic
 * Level 5.1 Poison Magic
 + Level 1.2 Invocations


You had 3 spell levels left.
You knew the following spells:

 Your Spells              Type           Power      Damage    Failure   Level
a - Sting                 Tmut/Pois      60%        1d6       1%          1
b - Olgreb's Toxic Radia  Pois           21%        N/A       11%         4
c - Animate Skeleton      Necr           26%        N/A       2%          1
d - Vampiric Draining     Necr           13%        2d6       9%          3

Your spell library contained the following spells:

 Spells                   Type           Power      Damage    Failure   Level
 Pain                     Necr           52%        1d6       2%          1
 Poisonous Vapours        Pois/Air       24%        N/A       4%          2
 Magic Dart               Conj           8%         1d3       9%          1
 Call Imp                 Summ           2%         N/A       13%         2
 Mephitic Cloud           Conj/Pois/Air  9%         N/A       13%         3
 Dazzling Flash           Conj/Hex       4%         N/A       26%         3
 Agony                    Necr           13%        N/A       56%         5
 Silence                  Hex/Air        1%         N/A       91%         5


Dungeon Overview and Level Annotations

Branches:
Dungeon (5/15)             Temple (1/1) D:5

Altars:
Cheibriados
Dithmenos
Elyvilon
Fedhas
Gozag
Makhleb
Nemelex Xobeh
Qazlal
Ru
Sif Muna
Trog
Uskayaw
Vehumet
Wu Jian
Xom
Yredelemnul
Zin
The Shining One

Annotations:
D:5 TheDeanity's ghost, novice TrFi


Innate Abilities, Weirdness & Mutations

You are partially covered in slimy green scales. (AC +2)
You regenerate a little health from kills.
You are partially covered in sharp spines.


Message History

TheDeanity's ghost turns its malevolent gaze towards you.
Could not explore, unopened runed door.
Could not explore, unopened runed door.
m - a ring of poison resistance (right hand)
You open the large door. You hit TheDeanity's ghost.
Lightning courses through TheDeanity's ghost!
TheDeanity's ghost is moderately damaged.
TheDeanity's ghost is struck by your spines.
TheDeanity's ghost hits you!
You hit TheDeanity's ghost but do no damage.
TheDeanity's ghost is moderately damaged.
TheDeanity's ghost misses you. TheDeanity's ghost barely misses you.
You closely miss TheDeanity's ghost.
TheDeanity's ghost is moderately damaged.
TheDeanity's ghost closely misses you.
You hit TheDeanity's ghost but do no damage.
TheDeanity's ghost is moderately damaged.
TheDeanity's ghost hits you.
You hit TheDeanity's ghost but do no damage.
Lightning courses through TheDeanity's ghost!
TheDeanity's ghost is heavily damaged.
TheDeanity's ghost hits you!
Casting: Sting (safe; 1% risk of failure)
Confirm with . or Enter, or press ? or * to list all spells.
Okay, then.
You hit TheDeanity's ghost but do no damage.
TheDeanity's ghost is heavily damaged.
TheDeanity's ghost is struck by your spines.
TheDeanity's ghost hits you!
There is a stone staircase leading down here.
You completely miss TheDeanity's ghost.
TheDeanity's ghost is heavily damaged.
TheDeanity's ghost hits you!
* * * LOW HITPOINT WARNING * * *
You hit TheDeanity's ghost but do no damage.
TheDeanity's ghost is heavily damaged.
TheDeanity's ghost is struck by your spines.
TheDeanity's ghost hits you!
You die...

#.....♣♣♣...♣♣♣♣♣♣..
#...♣♣♣♣♣♣......♣♣♣♣
#..♣♣♣...♣♣♣......♣♣
#......_...♣♣♣♣♣....
#.####...#.....♣♣♣..
#.# ########....♣♣♣
#.# #......)
#.###########.###.##
#..@W...............
##########>.........
#.......###
#.......# ####''###
#.(≈.$.[# #≈.8≈#..##
#.#≈...≈# ##.≈!≈.#≈#


You could see TheDeanity's ghost.

Vanquished Creatures
  A water moccasin (D:5)
  An ice beast (D:5)
  A phantom (D:4)
  A scorpion (D:4)
  A water moccasin skeleton (D:4)
  3 hounds
  An iguana (D:5)
  A hound zombie (D:5)
  4 adders
  10 gnolls
  4 worms
  A dart slug (D:1)
  7 orcs (D:5)
  8 endoplasms
  7 goblins
  8 hobgoblins
  5 jackals
  2 kobolds
  A quokka (D:2)
  9 ball pythons
  8 bats
  2 frilled lizards (D:2)
  6 rats
92 creatures vanquished.

Notes
Turn   | Place    | Note
-------+----------+-------------------------------------------
     0 | D:1      | vvl the Demonspawn Venom Mage began the quest for the Orb.
     0 | D:1      | Reached XP level 1. HP: 13/13 MP: 3/3
   185 | D:1      | Reached skill level 1 in Transmutations
   493 | D:1      | Gained mutation: You regenerate a little health from kills.
                  | [demonic ancestry]
   493 | D:1      | Reached XP level 2. HP: 17/19 MP: 3/5
  1734 | D:2      | Gained mutation: You are partially covered in sharp spines.
                  | [demonic ancestry]
  1734 | D:2      | Reached XP level 3. HP: 25/25 MP: 0/6
  2247 | D:2      | Found a faded altar of an unknown god.
  3195 | D:3      | Gained mutation: You are partially covered in slimy green
                  | scales. (AC +2) [demonic ancestry]
  3195 | D:3      | Reached XP level 4. HP: 31/31 MP: 5/7
  3320 | D:3      | Reached skill level 1 in Armour
  3890 | D:4      | Reached skill level 1 in Fighting
  3890 | D:4      | Reached skill level 1 in Necromancy
  3989 | D:4      | Noticed a scorpion
  3995 | D:4      | Killed a scorpion
  3996 | D:4      | Reached skill level 1 in Earth Magic
  3996 | D:4      | Reached skill level 4 in Poison Magic
  3996 | D:4      | Reached XP level 5. HP: 22/37 MP: 1/8
  4538 | D:4      | Noticed a phantom
  4563 | D:4      | Killed a phantom
  4564 | D:4      | Reached XP level 6. HP: 9/44 MP: 10/10
  5666 | D:5      | Entered Level 5 of the Dungeon
  5802 | D:5      | Found a staircase to the Ecumenical Temple.
  5808 | D:5      | Noticed an ice beast
  6038 | D:4      | Learned a level 4 spell: Olgreb's Toxic Radiance
  6040 | D:4      | Learned a level 1 spell: Animate Skeleton
  6044 | D:4      | Learned a level 3 spell: Vampiric Draining
  6308 | D:5      | Killed an ice beast
  6531 | Temple   | Entered the Ecumenical Temple
  6759 | Temple   | Became a worshipper of Makhleb the Destroyer
  6828 | D:5      | Reached XP level 7. HP: 46/50 MP: 8/11
  6971 | D:5      | Reached skill level 5 in Poison Magic
  7401 | D:5      | Reached skill level 1 in Invocations
  7446 | D:5      | Found a snail-covered altar of Cheibriados.
  7655 | D:5      | Found a large runed translucent door.
  7655 | D:5      | Found a large runed translucent door.
  7662 | D:5      | Found a blossoming altar of Fedhas.
  7888 | D:5      | Noticed TheDeanity's ghost (novice TrFi)
  7910 | D:5      | Slain by TheDeanity's ghost

Illustrated notes

Levels and vault maps discovered:
D:1:      dpeg_arrival_brainrot, layout_loops_corners,
          minmay_misc_feat_enclosed, nrook_loot_triangle, minmay_tetromino_i2
D:2:      kb_forest_paths, layout_basic, chequers_ecumenical_altar_twisty,
          minmay_door_square
D:3:      layout_basic
D:4:      layout_basic
D:5:      layout_basic, mainiacjoe_overflow_catch_the_wave,
          minmay_temple_entry_grid, ebering_ghost_disaster_area,
          serial_corexii_hall, chequers_hall_statues_y,
          chequers_hall_statues_corner_a, chequers_hall_statues_y,
          chequers_hall_statues_y
Temple:   nicolae_temple_elliptical

Skill      XL: |  1  2  3  4  5  6  7 |
---------------+----------------------+-----
Transmutations | 1 2 |  2.0
Stealth        | 2 |  2.0
Dodging        | 2 |  2.0
Armour         | 1 2 |  2.3
Fighting       | 1 2 |  2.5
Necromancy     | 1 2 |  2.8
Earth Magic    | 1 2 |  2.2
Poison Magic   | 4 5 |  5.1
Spellcasting   | 3 |  3.3
Invocations    | 1 |  1.2

Action                   |  1- 3 |  4- 6 |  7- 9 || total
-------------------------+-------+-------+-------++-------
Melee: Short sword       |    75 |    13 |       ||    88
       Punch             |     1 |       |       ||     1
       War axe           |       |    34 |       ||    34
       Whip              |       |     6 |    14 ||    20
 Cast: Sting             |    50 |    56 |    21 ||   127
       Olgreb's Toxic Ra |       |       |     1 ||     1
  Use: Potion            |       |     6 |       ||     6
 Stab: Sleeping          |     2 |       |       ||     2
Armor: Robe              |     5 |       |       ||     5
       Leather armour    |    12 |    23 |     3 ||    38
Dodge: Dodged            |    54 |    62 |    14 ||   130
